 Dungeon Crawl Stone Soup version 0.27-a0-660-g90476cec82 (webtiles) character file.

Game seed: 11168383452427425755

35 jasper the Grave Robber (level 3, 0/30 HPs)
             Began as a Hill Orc Necromancer on Mar 16, 2021.
             Slain by a leopard gecko (3 damage)
             ... on level 2 of the Dungeon.
             The game lasted 00:01:53 (2022 turns).

jasper the Grave Robber (Hill Orc Necromancer)      Turns: 2022, Time: 00:01:54

Health: 0/30       AC:  3    Str: 10    XL:     3   Next: 35%
Magic:  5/5        EV: 11    Int: 16    God:
Gold:   36         SH:  3    Dex: 11    Spells: 0/5 levels left

rFire    . . .     SeeInvis .   h - +0 spear
rCold    . . .     Faith    .   i - +0 buckler
rNeg     . . .     Spirit   .   a - +0 robe
rPois    .         Reflect  .   (no helmet)
rElec    .         Harm     .   d - +0 cloak
rCorr    .         Rampage  .   (no gloves)
Will     .....                  (no boots)
Stlth    ++........             (no amulet)
HPRegen  0.10/turn              (no ring)
MPRegen  0.09/turn              (no ring)

@: no status effects
A: no striking features
a: no special abilities


You were on level 2 of the Dungeon.
You visited 1 branch of the dungeon, and saw 2 of its levels.

You collected 36 gold pieces.

Inventory:

Hand Weapons
 e - a +0 club
 h - a +0 spear (weapon)
Missiles
 f - 28 stones
Armour
 a - a +0 robe (worn)
 c - a +0 scale mail
 d - a +0 cloak (worn)
 i - a +0 buckler (worn)
Scrolls
 b - 3 scrolls of identify {unknown}
Potions
 g - a potion of degeneration {unknown}


   Skills:
 * Level 2.4 Fighting
 + Level 1.3 Armour
 - Level 1.5 Dodging
 - Level 1.5 Stealth
 + Level 0.0 Shields
 - Level 1.5 Spellcasting
 - Level 4.2 Necromancy


You couldn't memorise any spells.
You knew the following spells:

 Your Spells              Type           Power      Damage    Failure   Level
a - Pain                  Necr           56%        1d6       6%          1
b - Animate Skeleton      Necr           28%        N/A       6%          1
c - Vampiric Draining     Necr           7%         2d7       19%         3

Your spell library contained the following spells:

 Spells                   Type           Power      Damage    Failure   Level
 Animate Dead             Necr           7%         N/A       52%         4
 Agony                    Necr           14%        N/A       86%         5


Dungeon Overview and Level Annotations

Branches:
Dungeon (2/15)

Altars:


Message History

You take 2 damage, and have 18/30 hp.
You barely miss the leopard gecko. The leopard gecko bites you.
You take 2 damage, and have 16/30 hp.
You hit the leopard gecko.
The leopard gecko is lightly wounded.
The leopard gecko bites you but does no damage.
The leopard gecko bites you.
You take 2 damage, and have 14/30 hp.
You hit the leopard gecko but do no damage.
The leopard gecko is lightly wounded.
The leopard gecko barely misses you.
You completely miss the leopard gecko.
The leopard gecko is lightly wounded.
The leopard gecko bites you but does no damage.
The leopard gecko barely misses you.
You miss the leopard gecko.
The leopard gecko is lightly wounded.
The leopard gecko hisses menacingly.
The leopard gecko bites you.
You take 1 damage, and have 13/30 hp.
You miss the leopard gecko.
The leopard gecko is lightly wounded.
The leopard gecko barely misses you. The leopard gecko closely misses you.
You miss the leopard gecko.
The leopard gecko is lightly wounded.
The leopard gecko bites you.
You take 1 damage, and have 12/30 hp.
You closely miss the leopard gecko.
The leopard gecko is lightly wounded.
The leopard gecko closely misses you.
You miss the leopard gecko.
The leopard gecko is lightly wounded.
The leopard gecko bites you. x2
* * * LOW HITPOINT WARNING * * *
You take 5 damage, and have 7/30 hp.
You barely miss the leopard gecko. The leopard gecko barely misses you.
You closely miss the leopard gecko. The leopard gecko bites you.
* * * LOW HITPOINT WARNING * * *
The leopard gecko bites you.
You die...

###########
#.....^...###
#............
#............
#..........#
#..........#
#[.J# ###l#
#@#
............#
..#####.....#
...#.##
#......
####.### . #


You could see an ooze and a leopard gecko.

Vanquished Creatures
  A gnoll (D:1)
  An ooze (D:1)
  A dart slug (D:1)
  2 goblins (D:1)
  3 hobgoblins (D:1)
  3 jackals (D:1)
  A ball python (D:1)
  4 bats (D:1)
  A kobold (D:1)
  2 rats (D:1)
19 creatures vanquished.

Notes
Turn   | Place    | Note
-------+----------+-------------------------------------------
     0 | D:1      | jasper the Hill Orc Necromancer began the quest for the
                  | Orb.
     0 | D:1      | Reached XP level 1. HP: 14/14 MP: 3/3
   376 | D:1      | Reached skill level 1 in Fighting
   376 | D:1      | Reached XP level 2. HP: 18/23 MP: 2/4
  1330 | D:1      | Learned a level 1 spell: Animate Skeleton
  1352 | D:1      | Reached skill level 1 in Armour
  1352 | D:1      | Reached XP level 3. HP: 23/29 MP: 0/5
  1358 | D:1      | Learned a level 3 spell: Vampiric Draining
  2022 | D:2      | Slain by a leopard gecko

Illustrated notes

Levels and vault maps discovered:
D:1:      roderic_octagonal_star, layout_loops_corners,
          chequers_serial_rivers_micro_b
D:2:      layout_basic, old_standard_altar, uniq_terence

Skill      XL: |  1  2 |
---------------+-------+-----
Fighting       | 1 2 |  2.4
Armour         | 1 |  1.3
Dodging        | |  1.5
Stealth        | |  1.5
Spellcasting   | |  1.5
Necromancy     | |  4.2

Action                   || total
-------------------------++-------
Melee: Club              ||    49
       Spear             ||    47
 Cast: Pain              ||    11
 Stab: Sleeping          ||     1
Armor: Robe              ||    14
Dodge: Dodged            ||    64

Table legend: (Time is in decaauts)
 A = Elapsed time spent in this place.
 B = Non-inter-level travel time spent in this place.
 C = Inter-level travel time spent in this place.
 D = Time resting spent in this place.
 E = Time spent auto-exploring this place.
 F = Levels seen in this place.
 G = Mean time per level.
                   A        B        C        D        E       F      G
               +--------+--------+--------+--------+--------+-----+--------+
         Total |   2042 |   2009 |     33 |    677 |   1067 |   2 | 1021.0 |
       Dungeon |   2042 |   2009 |     33 |    677 |   1067 |   2 | 1021.0 |
               +--------+--------+--------+--------+--------+-----+--------+

Top non-repeatable levels by time:
     D:1: 2021 daAuts
     D:2: 21 daAuts
